[Event "Titled Tuesday Blitz May 2 Late 2023"]
[White "Topalov, Aleksandar"]
[Black "Vovk, Orest"]
[WhiteFideId "925659"]
[BlackFideId "14113490"]
[WhiteElo "2151"]
[BlackElo "2215"]
[Result "1-0"]
[Round "05"]
[TimeControl "180+2"]
[Date "2023.05.02"]
[WhiteClock "0:00:15"]
[BlackClock "0:00:03"]

1. b3 Nf6 2. Bb2 g6 3. Bxf6 exf6 4. c4 Bg7 5. Nc3 O-O 6. e3 f5 7. Nge2 b6 8. Rc1 Bb7 9. Nf4 Nc6 10. d4 Ne7 11. Be2 d5 12. Nfxd5 Nxd5 13. cxd5 f4 14. e4 Qg5 15. O-O c6 16. dxc6 Bxc6 17. Bf3 Rfd8 18. Nd5 Bxd5 19. exd5 Qf6 20. Rc7 Qxd4 21. Qxd4 Bxd4 22. Rfc1 Be5 23. R7c6 Bd6 24. Kf1 Rab8 25. R1c4 f5 26. h3 Rd7 27. Rc8+ Rxc8 28. Rxc8+ Kf7 29. Rc6 Kf6 30. a4 Ke5 31. Ke2 g5 32. Kd3 Rg7 33. Rc8 Re7 34. Rg8 Kf6 35. Rf8+ Ke5 36. Rg8 Kf6 37. Rd8 Bc5 38. d6 Re6 39. d7 Rd6+ 40. Ke2 Ke7 41. Rh8 Kxd7 42. Rxh7+ Ke6 43. Rxa7 Bb4 44. Ra8 Rd2+ 45. Kf1 Rb2 46. Re8+ Kf6 47. Rb8 Ba5 48. Bd5 Ke5 49. Bc4 g4 50. hxg4 fxg4 51. Rg8 Kf5 52. Rf8+ Kg5 53. Rg8+ Kf5 54. Rf8+ Ke5 55. Re8+ Kd4 56. Rd8+ Kc5 57. Rd1 Rc2 58. Rb1 g3 59. fxg3 fxg3 60. Rd1 Rf2+ 61. Kg1 Bc3 62. Kh1 Kb4 63. Rc1 Bd2 64. Rd1 Kc3 65. Kg1 Kc2 66. Rf1 Be3 67. Rxf2+ Bxf2+ 68. Kf1 Kc3 69. Bd5 Kb4 70. Be6 Kc5 71. Bf7 Kb4 72. Bg8 b5 73. Bh7 bxa4 74. bxa4 Kxa4 75. Bg6 Kb4 76. Bf5 Kc3 77. Bg4 Kd4 78. Bh3 Ke5 79. Bg4 Kf4 80. Bf3 Kg5 81. Bb7 Kf6 82. Ba8 Ke7 83. Bb7 Kd8 84. Ba8 Kc7 85. Bb7 Kxb7 86. Ke2 Bg1 87. Ke1 Kc6 88. Ke2 Kd5 89. Kf1 Bh2 90. Ke2 Ke4 91. Kf1 Ke3 92. Ke1 1-0


[Site "https://www.chess.com"]

[Event "Titled Tuesday Blitz May 2 Late 2023"]
[White "Mordechai, Hanan"]
[Black "D`Arruda, Ricardo D."]
[WhiteFideId "2804166"]
[BlackFideId "100692"]
[WhiteElo "2324"]
[BlackElo "2271"]
[Result "0-1"]
[Round "05"]
[TimeControl "180+2"]
[Date "2023.05.02"]
[WhiteClock "0:00:03"]
[BlackClock "0:00:22"]

1. c4 e5 2. g3 Nf6 3. Bg2 Nc6 4. Nc3 Bb4 5. Nd5 Bc5 6. Nf3 d6 7. O-O Nxd5 8. cxd5 Ne7 9. d4 exd4 10. Nxd4 O-O 11. a3 Nf5 12. Nxf5 Bxf5 13. b4 Bb6 14. Bb2 Re8 15. Qd2 a5 16. Rac1 axb4 17. axb4 Be4 18. e3 Bxg2 19. Kxg2 Ra2 20. Qc3 Qg5 21. Rfd1 h5 22. h4 Qg4 23. Qb3 Raa8 24. Rc4 Qf5 25. Rf4 Qg6 26. Qc3 Re7 27. Rf5 f6 28. Rf4 Rae8 29. Qd3 Qxd3 30. Rxd3 Re4 31. Kf3 Rxf4+ 32. Kxf4 Ra8 33. Ra3 Rxa3 34. Bxa3 c6 35. Ke4 Bc7 36. Bb2 Kf7 37. f3 g6 38. g4 Bb6 39. Bc1 Bc7 40. Kd4 Bb6+ 41. Kc4 f5 42. gxf5 gxf5 43. e4 fxe4 44. fxe4 Bd8 45. Bf4 b5+ 46. Kd4 Bb6+ 47. Kd3 cxd5 48. exd5 Ke7 49. Ke4 Bf2 50. Bg5+ Kf7 51. Bf4 Ke7 52. Bg5+ Kd7 53. Kf5 Be1 54. Kg6 Bxb4 55. Kxh5 Bc3 56. Kg6 b4 57. h5 b3 58. Bc1 b2 59. Bxb2 Bxb2 60. Kf7 Bc1 61. Kf6 Bf4 62. Kf5 Bd2 63. Kf6 Be3 64. Kf7 Kc7 65. Ke6 Bf4 66. Kf5 Bc1 67. Ke6 Bd2 68. Ke7 Bf4 69. Ke6 Kb6 70. h6 Kc5 71. h7 Be5 72. Kf5 Kxd5 73. Kg4 Ke4 0-1


[Site "https://www.chess.com"]

[Event "Titled Tuesday Blitz May 2 Late 2023"]
[White "Loiacono, Antonio"]
[Black "Ramirez Vido, Robert Yorisan"]
[WhiteFideId "895415"]
[BlackFideId "3513823"]
[WhiteElo "2257"]
[BlackElo "2015"]
[Result "1-0"]
[Round "05"]
[TimeControl "180+2"]
[Date "2023.05.02"]
[WhiteClock "0:01:50"]
[BlackClock "0:00:17"]

1. e4 d6 2. d4 Nf6 3. Nc3 g6 4. Be3 c6 5. f3 b5 6. Qd2 Nbd7 7. a3 Bg7 8. Bh6 Bxh6 9. Qxh6 Qb6 10. Nge2 a5 11. Qd2 e5 12. d5 c5 13. a4 b4 14. Nb5 Ba6 15. Ng3 h5 16. h4 Rc8 17. b3 Ke7 18. Bc4 Bxb5 19. Bxb5 Ne8 20. Bc4 f6 21. Nf1 Kf7 22. Ne3 Qd8 23. O-O-O Nb6 24. g4 hxg4 25. fxg4 Ng7 26. Rdf1 Ke7 27. Qf2 Nd7 28. Bb5 Rf8 29. h5 gxh5 30. gxh5 Rf7 31. h6 Ne8 32. Nf5+ Kf8 33. h7 1-0


[Site "https://www.chess.com"]

[Event "Titled Tuesday Blitz May 2 Late 2023"]
[White "Guzman Moneo, Alberto"]
[Black "Karas, Marek"]
[WhiteFideId "2209616"]
[BlackFideId "14928558"]
[WhiteElo "2157"]
[BlackElo "2233"]
[Result "0-1"]
[Round "05"]
[TimeControl "180+2"]
[Date "2023.05.02"]
[WhiteClock "0:00:01"]
[BlackClock "0:01:02"]

1. Nf3 Nf6 2. g3 g6 3. Bg2 Bg7 4. O-O O-O 5. c4 d6 6. Nc3 e5 7. d3 Nc6 8. Rb1 a5 9. a3 Bf5 10. b4 axb4 11. axb4 Qc8 12. b5 Ne7 13. c5 Bh3 14. cxd6 cxd6 15. Ne4 Nxe4 16. dxe4 Bxg2 17. Kxg2 Rd8 18. Bg5 f6 19. Qb3+ Kf8 20. Be3 Qd7 21. Rfc1 Rdc8 22. Nd2 Rxc1 23. Rxc1 Rc8 24. Rc4 Qe6 25. Qc2 Rxc4 26. Qxc4 Qxc4 27. Nxc4 d5 28. exd5 Nxd5 29. Nd6 Nxe3+ 30. fxe3 Ke7 31. Nxb7 Kd7 32. Nc5+ Kd6 33. Ne4+ Kd5 34. b6 Kc6 35. b7 Kxb7 0-1


[Site "https://www.chess.com"]

[Event "Titled Tuesday Blitz May 2 Late 2023"]
[White "Bayo Milagro, Alvaro"]
[Black "Ansh M Shah"]
[WhiteFideId "22275240"]
[BlackFideId "25033379"]
[WhiteElo "2270"]
[BlackElo "2084"]
[Result "1-0"]
[Round "05"]
[TimeControl "180+2"]
[Date "2023.05.02"]
[WhiteClock "0:01:32"]
[BlackClock "0:00:35"]

1. Nf3 Nf6 2. c4 e6 3. g3 d5 4. Bg2 Be7 5. O-O O-O 6. d4 c6 7. Qc2 b6 8. Rd1 Bb7 9. b3 Nbd7 10. Nc3 Rc8 11. e4 dxe4 12. Nxe4 Nxe4 13. Qxe4 Qc7 14. Bf4 Bd6 15. Bxd6 Qxd6 16. c5 Qc7 17. b4 a5 18. a3 Nf6 19. Qc2 Nd5 20. Ng5 Nf6 21. bxa5 bxc5 22. Qxc5 h6 23. Nf3 Ra8 24. Ne5 Rxa5 25. Qc2 Rc8 26. Rdc1 Qd6 27. Nc4 Qd8 28. Nxa5 Qxa5 29. a4 Ba6 30. Qc5 Qd2 31. Rc2 Qd3 32. Bf1 Ne4 33. Bxd3 Nxc5 34. Bxa6 Nxa6 35. Rb1 Ra8 36. Rxc6 Kh7 37. Rbb6 Nb8 38. Rc8 Nd7 39. Rxa8 Nxb6 40. Ra7 Kg6 41. a5 Nc8 42. Rc7 Nd6 43. a6 Nb5 44. Rb7 Nxd4 45. a7 Nc6 46. a8=Q Ne5 47. Kg2 Ng4 48. Qe8 Nf6 49. Qxf7+ Kf5 50. Qxf6+ gxf6 51. Kg1 Kg6 52. Kf1 e5 53. Ke2 h5 54. h3 h4 55. g4 Kg5 56. Kf3 f5 57. gxf5 Kxf5 58. Kg2 Kf4 59. Kg1 Kf3 60. Rc7 e4 61. Rc3+ Kf4 62. Re3 Kf5 63. Kf1 Kf4 64. Ke1 Kf5 65. Kd1 Kf4 66. Kc1 Ke5 67. Kb1 Kd4 68. Ka1 Ke5 69. Ka2 Kf4 70. Ka3 Kf5 71. Ka4 Ke5 72. Ka5 Kf4 73. Kb6 Kf5 74. Kc5 Ke5 75. Kc4 Kf4 76. Kd4 Kf5 77. Rxe4 Kg5 78. Rg4+ Kf5 79. Kd5 Kf6 80. Rf4+ Kg5 81. Ke5 Kh5 82. Rg4 Kh6 83. Kf5 Kh5 84. f3 Kh6 85. Kf6 Kh5 86. f4 Kh6 87. Rxh4# 1-0


[Site "https://www.chess.com"]

[Event "Titled Tuesday Blitz May 2 Late 2023"]
[White "Estremera Panos, Sergio"]
[Black "Santos Flores, Alberto"]
[WhiteFideId "2200864"]
[BlackFideId "3601234"]
[WhiteElo "2253"]
[BlackElo "2235"]
[Result "1/2-1/2"]
[Round "05"]
[TimeControl "180+2"]
[Date "2023.05.02"]
[WhiteClock "0:00:18"]
[BlackClock "0:00:23"]

1. d4 d5 2. c4 c6 3. Nf3 Nf6 4. e3 Bf5 5. Nc3 e6 6. Nh4 Bg4 7. f3 Bh5 8. Qb3 Qb6 9. c5 Qxb3 10. axb3 Nbd7 11. b4 e5 12. Kf2 Be7 13. g3 O-O 14. Nf5 Rfe8 15. b5 Bg6 16. Nxe7+ Rxe7 17. bxc6 bxc6 18. Ba6 Nf8 19. b4 Rb8 20. b5 cxb5 21. Bxb5 exd4 22. exd4 Ne6 23. Be3 Nc7 24. Rxa7 Nxb5 25. Nxb5 Rxa7 26. Nxa7 Rb2+ 27. Kg1 Kf8 28. c6 Rc2 29. g4 Ke7 30. Bf4 Ne8 31. h4 Ra2 32. Nc8+ Kd8 33. Nb6 Rc2 34. Rh2 Rxc6 35. Nxd5 Nf6 36. Bg5 Rd6 37. Nxf6 gxf6 38. Be3 h5 39. Rd2 Rd5 40. Kf2 f5 41. g5 Ke7 42. Kg3 f6 43. Bf4 fxg5 44. Bxg5+ Kd7 45. Bf6 Ke6 46. Be5 Ra5 47. Kf4 Bf7 48. Kg5 Ra3 49. f4 Rg3+ 50. Kh6 Rg6+ 51. Kh7 Kd5 52. Ra2 Rg4 53. Ra5+ Ke4 54. Ra7 Bd5 55. Re7 Kd3 56. Kh6 Rxh4 57. Kg5 Rh1 58. Kxf5 h4 59. Rg7 h3 60. Kf6 Be4 61. f5 Rf1 62. Rg5 Kc4 63. Ke6 Bd5+ 64. Ke7 Rf2 65. Rh5 h2 66. Rxh2 Rxh2 67. Bxh2 Kxd4 68. f6 Ke4 69. f7 Bxf7 1/2-1/2


[Site "https://www.chess.com"]

[Event "Titled Tuesday Blitz May 2 Late 2023"]
[White "Graif, William"]
[Black "Ferriz Barrios, Andres"]
[WhiteFideId "2609835"]
[BlackFideId "5104467"]
[WhiteElo "2205"]
[BlackElo "2102"]
[Result "1-0"]
[Round "05"]
[TimeControl "180+2"]
[Date "2023.05.02"]
[WhiteClock "0:00:24"]
[BlackClock "0:02:09"]

1. e4 e6 2. d4 d5 3. Be3 dxe4 4. f3 exf3 5. Nxf3 Nd7 6. Bd3 Ngf6 7. O-O Bd6 8. Qe1 O-O 9. Qh4 Re8 10. Nc3 c6 11. Ng5 h6 12. Nce4 Nxe4 13. Qxe4 f5 14. Rxf5 exf5 15. Bc4+ Kh8 16. Nf7+ Kh7 17. Qxf5+ g6 18. Qh3 Nb6 19. Qxh6+ Kg8 20. Qh8# 1-0


[Site "https://www.chess.com"]

[Event "Titled Tuesday Blitz May 2 Late 2023"]
[White "Remolar Gallen, Jose"]
[Black "Lopez Perdomo, Juan David"]
[WhiteFideId "2215187"]
[BlackFideId "4405137"]
[WhiteElo "2223"]
[BlackElo "1965"]
[Result "1-0"]
[Round "05"]
[TimeControl "180+2"]
[Date "2023.05.02"]
[WhiteClock "0:00:34"]
[BlackClock "0:00:02"]

1. e4 e6 2. Nf3 d5 3. e5 c5 4. b4 cxb4 5. a3 Qa5 6. Bb2 Nc6 7. axb4 Qxb4 8. Ba3 Qe4+ 9. Be2 Bxa3 10. Nxa3 Nxe5 11. O-O Nf6 12. Nb5 O-O 13. Nc7 Rb8 14. Rxa7 Nxf3+ 15. Bxf3 Qc4 16. Na8 Qc5 17. Qa1 Bd7 18. Rb1 Bb5 19. Qa5 Qxc2 20. Qxb5 Rxa8 21. Rxa8 Rxa8 22. Qxb7 Rf8 23. Qb4 h6 24. g3 Rc8 25. Kg2 Qc6 26. Qd4 Qc5 27. Qe5 Qc7 28. Qd4 Qc2 29. Rb7 Qc5 30. Qe5 Qc6 31. Ra7 Qc5 32. Rb7 Qc6 33. Rb1 Qe8 34. g4 Qd8 35. h4 Qc7 36. Qe3 1-0


[Site "https://www.chess.com"]

[Event "Titled Tuesday Blitz May 2 Late 2023"]
[White "Bruedigam, Martin"]
[Black "Pourkashiyan, Atousa"]
[WhiteFideId "24608033"]
[BlackFideId "12502014"]
[WhiteElo "2331"]
[BlackElo "2228"]
[Result "0-1"]
[Round "05"]
[TimeControl "180+2"]
[Date "2023.05.02"]
[WhiteClock "0:00:03"]
[BlackClock "0:00:19"]

1. d4 Nf6 2. c4 e6 3. Nc3 Bb4 4. Bd2 O-O 5. e3 c5 6. Nf3 d5 7. a3 cxd4 8. axb4 dxc3 9. Bxc3 dxc4 10. Bxc4 b6 11. Qxd8 Rxd8 12. Ne5 Bb7 13. f3 Nbd7 14. Nxd7 Rxd7 15. e4 Rc7 16. Bd3 Nd7 17. Ke2 f6 18. Ra3 Ne5 19. Bxe5 fxe5 20. Rha1 a6 21. Rc3 Rac8 22. Rxc7 Rxc7 23. Kd2 b5 24. h4 Kf7 25. g4 h6 26. Rh1 Ke7 27. g5 hxg5 28. hxg5 Kf7 29. Rh8 Kg6 30. Ke3 Kxg5 31. Re8 Kf6 32. Bf1 Rc2 33. Bh3 Bc8 34. Kd3 Rc7 35. Bg4 Kf7 36. Rh8 Rc4 37. Bh5+ Kf6 38. b3 Rc1 39. Rf8+ Kg5 40. Be8 Rb1 41. Kc2 Rf1 42. Bc6 Rf2+ 43. Kc3 Kh4 44. Rxc8 Rxf3+ 45. Kb2 g5 46. Rh8+ Kg3 47. Bd7 Rf6 48. Rh5 Kf4 49. Bc6 g4 50. Rh1 g3 51. Kc2 g2 52. Rd1 Kg3 53. Kd2 Rf1 0-1


[Site "https://www.chess.com"]

[Event "Titled Tuesday Blitz May 2 Late 2023"]
[White "Prydun, Andriy"]
[Black "Kim, Sergey"]
[WhiteFideId "14145898"]
[BlackFideId "13700570"]
[WhiteElo "2164"]
[BlackElo "2295"]
[Result "0-1"]
[Round "05"]
[TimeControl "180+2"]
[Date "2023.05.02"]
[WhiteClock "0:00:04"]
[BlackClock "0:00:26"]

1. e4 e5 2. Nf3 Nc6 3. Nc3 Nf6 4. d4 exd4 5. Nxd4 Bb4 6. Nxc6 bxc6 7. Bd3 d5 8. O-O Bxc3 9. bxc3 dxe4 10. Bc4 O-O 11. Bg5 Qd6 12. Qd4 c5 13. Qxd6 cxd6 14. Bxf6 gxf6 15. Rfd1 Rd8 16. Rd2 Be6 17. Be2 d5 18. f3 f5 19. Kf2 Rab8 20. Ke3 Kg7 21. h3 Kf6 22. g4 Ke5 23. f4+ Kf6 24. g5+ Ke7 25. h4 Rb2 26. h5 Rdb8 27. Rg1 Rb1 28. Rdd1 Rxd1 29. Rxd1 Rb2 30. Rc1 Rxa2 31. Bb5 a6 32. Be2 Ra4 33. Kd2 d4 34. cxd4 cxd4 35. Rb1 Ra2 36. Rb7+ Kd8 37. Rb6 d3 38. Bd1 dxc2 39. Bxc2 a5 40. g6 hxg6 41. h6 Ra3 42. Bb3 Ra1 43. h7 Rh1 44. Bxe6 Rxh7 45. Bd5 Ke7 46. Ra6 Rh3 47. Ra7+ Kd6 48. Bxf7 Rg3 49. Rxa5 Ke7 50. Bc4 Rg4 51. Ra6 Kf8 52. Rf6+ Kg7 53. Rf7+ Kh6 54. Ke3 Rg3+ 55. Ke2 Rf3 56. Rf6 Rxf4 57. Bf7 Rg4 58. Ke3 Kg7 0-1


[Site "https://www.chess.com"]

[Event "Titled Tuesday Blitz May 2 Late 2023"]
[White "Vaglio Munoz, Jaime"]
[Black "Dobrowolski, Piotr"]
[WhiteFideId "6500145"]
[BlackFideId "1106236"]
[WhiteElo "2199"]
[BlackElo "2320"]
[Result "1-0"]
[Round "05"]
[TimeControl "180+2"]
[Date "2023.05.02"]
[WhiteClock "0:00:45"]
[BlackClock "0:00:15"]

1. Nf3 Nf6 2. c4 g6 3. b3 Bg7 4. Bb2 O-O 5. g3 a5 6. a3 c6 7. Bg2 d5 8. cxd5 cxd5 9. d3 Na6 10. O-O Bg4 11. Nbd2 Bxf3 12. Nxf3 e6 13. Rc1 Qb6 14. Bd4 Qd6 15. Ra1 Nh5 16. Bxg7 Nxg7 17. Qd2 Nc5 18. Qb2 Qb6 19. Rab1 Rfc8 20. Rfc1 Nf5 21. h4 h5 22. b4 axb4 23. axb4 Nd7 24. Bh3 Nxg3 25. Kg2 Nf5 26. Bxf5 exf5 27. Qd4 Qxd4 28. Nxd4 Kg7 29. Kf3 Kf6 30. Ke3 Ne5 31. f4 Ng4+ 32. Kf3 Ke7 33. b5 Nf6 34. b6 Kd7 35. Nb5 Ne8 36. Na7 Rxc1 37. Rxc1 Rb8 38. e4 fxe4+ 39. dxe4 dxe4+ 40. Kxe4 Nd6+ 41. Kd5 Ne8 42. Rd1 Rd8 43. Kc5+ Ke7 44. Re1+ Kf6 45. Nb5 Ng7 46. Nc7 Ne6+ 47. Nxe6 fxe6 48. Re5 Rd5+ 49. Rxd5 exd5 50. Kxd5 Kf5 51. Kd6 Kxf4 52. Kc7 g5 53. Kxb7 gxh4 54. Ka7 h3 55. b7 h2 56. b8=Q+ Kg4 57. Qxh2 h4 58. Kb6 1-0


[Site "https://www.chess.com"]

[Event "Titled Tuesday Blitz May 2 Late 2023"]
[White "Ezat, Mohamed"]
[Black "Ocelak, Jakub"]
[WhiteFideId "10600906"]
[BlackFideId "23707933"]
[WhiteElo "2386"]
[BlackElo "2044"]
[Result "1-0"]
[Round "05"]
[TimeControl "180+2"]
[Date "2023.05.02"]
[WhiteClock "0:01:11"]
[BlackClock "0:00:03"]

1. e4 g6 2. h4 d5 3. h5 Bg7 4. hxg6 hxg6 5. Rxh8 Bxh8 6. exd5 Qxd5 7. Nc3 Qd6 8. Nf3 c6 9. Bc4 Nd7 10. d3 Nb6 11. Bb3 Be6 12. Qe2 Bxb3 13. axb3 Nf6 14. Bg5 a6 15. Ne5 Nfd5 16. Nxd5 cxd5 17. Bf4 Qe6 18. d4 Rc8 19. c3 Bxe5 20. Bxe5 f6 21. Bg3 Qxe2+ 22. Kxe2 Kf7 23. Kd3 Nd7 24. b4 Rh8 25. b5 Ra8 26. b3 e5 27. c4 Ke6 28. c5 g5 29. c6 bxc6 30. Rxa6 Rxa6 31. bxa6 exd4 32. b4 Nb6 33. Kxd4 Kd7 34. Kc5 Na8 35. Bh2 f5 36. Be5 g4 37. g3 Nc7 38. a7 Na8 39. Bf4 1-0


[Site "https://www.chess.com"]

[Event "Titled Tuesday Blitz May 2 Late 2023"]
[White "Lopez Del Alamo, Antonio"]
[Black "Prem, Pranav"]
[WhiteFideId "2227339"]
[BlackFideId "30901057"]
[WhiteElo "2175"]
[BlackElo "1970"]
[Result "1-0"]
[Round "05"]
[TimeControl "180+2"]
[Date "2023.05.02"]
[WhiteClock "0:00:10"]
[BlackClock "0:00:02"]

1. e4 e6 2. d3 d5 3. Nd2 Nf6 4. Ngf3 c5 5. g3 Nc6 6. Bg2 Be7 7. O-O O-O 8. e5 Nd7 9. Re1 Re8 10. h4 f6 11. exf6 Bxf6 12. Nf1 Nf8 13. c3 e5 14. Ne3 Be6 15. Ng5 Ne7 16. Nxe6 Nxe6 17. Qb3 Nc7 18. Qxb7 Qd6 19. Qb3 Kh8 20. Qc2 Rab8 21. Ng4 Nc6 22. Nxf6 Qxf6 23. Bg5 Qd6 24. Rab1 h6 25. Bd2 Ne6 26. Re2 Rf8 27. Rbe1 Rf6 28. Be3 Rbf8 29. Qa4 Rg6 30. Qb3 Rd8 31. a3 Ne7 32. Bh3 Nc6 33. Qa4 Nf4 34. Bxf4 exf4 35. Re6 Rxe6 36. Rxe6 Qb8 37. Qxc6 fxg3 38. Rxh6+ gxh6 1-0


[Site "https://www.chess.com"]

[Event "Titled Tuesday Blitz May 2 Late 2023"]
[White "Romero Ruscalleda, Josep"]
[Black "Tomaszewski, Kacper"]
[WhiteFideId "2231859"]
[BlackFideId "1127373"]
[WhiteElo "2183"]
[BlackElo "2211"]
[Result "1/2-1/2"]
[Round "05"]
[TimeControl "180+2"]
[Date "2023.05.02"]
[WhiteClock "0:00:53"]
[BlackClock "0:00:43"]

1. e4 Nc6 2. d4 d6 3. Nc3 Nf6 4. Nf3 g6 5. h3 Bg7 6. Bg5 h6 7. Bh4 O-O 8. Qd2 a6 9. Bd3 b5 10. a3 Rb8 11. O-O e5 12. dxe5 Nxe5 13. Nxe5 dxe5 14. Nd5 g5 15. Nxf6+ Qxf6 16. Bg3 Rd8 17. Qe2 c5 18. c3 c4 19. Bc2 Be6 20. Rfd1 Bf8 21. Rxd8 Rxd8 22. Rd1 Rxd1+ 23. Qxd1 Bc5 24. Qd2 Kg7 25. Kh2 h5 26. f3 h4 27. Bf2 Bxf2 28. Qxf2 Qf4+ 29. g3 hxg3+ 30. Qxg3 Qd2+ 31. Qg2 Qxg2+ 32. Kxg2 Kh6 33. Kg3 Kh5 34. a4 Bd7 35. axb5 axb5 36. b3 Be6 37. bxc4 Bxc4 38. Bd1 Kg6 39. h4 gxh4+ 40. Kxh4 f5 41. exf5+ Kxf5 42. Kg3 Bd3 43. Bb3 Kg5 44. Bd5 Bc4 45. Be4 Kf6 46. f4 exf4+ 47. Kxf4 Ke6 48. Bf3 Bd5 49. Be2 Bc6 50. Ke3 Ke5 51. Kd3 Be4+ 52. Kd2 Bc6 53. Kc2 Kd6 54. Kb3 Kc5 55. Bd3 Bd5+ 56. Kb2 Bc4 57. Be4 Kd6 58. Bg6 Ke5 59. Ka3 Kd5 60. Kb4 Kc6 61. Be8+ Kb6 62. Bd7 Be2 63. Be8 Bf1 64. Bd7 Bc4 65. Be8 Bf1 66. Bf7 Bc4 67. Bxc4 bxc4 68. Kxc4 Kc6 69. Kd4 Kd6 70. c4 Kc6 1/2-1/2


[Site "https://www.chess.com"]

[Event "Titled Tuesday Blitz May 2 Late 2023"]
[White "Liu, Eric"]
[Black "Osmonbekov, Talaibek"]
[WhiteFideId "30960240"]
[BlackFideId "2017253"]
[WhiteElo "2094"]
[BlackElo "2135"]
[Result "1-0"]
[Round "05"]
[TimeControl "180+2"]
[Date "2023.05.02"]
[WhiteClock "0:02:04"]
[BlackClock "0:00:04"]

1. b3 e5 2. Bb2 d6 3. e3 f5 4. Be2 Nf6 5. h4 Be7 6. h5 h6 7. Nf3 O-O 8. d4 e4 9. Nh4 d5 10. Ng6 Rf7 11. c4 Bb4+ 12. Bc3 c6 13. Bxb4 a5 14. Ba3 a4 15. b4 Nbd7 16. b5 Nb6 17. bxc6 bxc6 18. Nd2 Ng4 19. cxd5 Nxd5 20. Bc4 Ba6 21. Qc2 Qg5 22. Bxa6 Rxa6 23. Nc4 Ngxe3 24. Nxe3 Nxe3 25. fxe3 Qxe3+ 26. Qe2 Qxa3 27. Qxa6 Qc3+ 28. Kf2 Qxd4+ 29. Kg3 Qd6+ 30. Nf4 Qa3+ 31. Kh2 Qd6 32. g3 Qd2+ 33. Kh3 g5 34. hxg6 Rd7 35. Qc8+ Kg7 36. Ne6+ Kf6 37. g7 1-0


[Site "https://www.chess.com"]

[Event "Titled Tuesday Blitz May 2 Late 2023"]
[White "Yeritsyan, Hayk"]
[Black "Senft, Sean"]
[WhiteFideId "13307320"]
[BlackFideId "2044960"]
[WhiteElo "2241"]
[BlackElo "1989"]
[Result "1-0"]
[Round "05"]
[TimeControl "180+2"]
[Date "2023.05.02"]
[WhiteClock "0:01:36"]
[BlackClock "0:00:01"]

1. d4 d5 2. Nf3 Nf6 3. e3 c6 4. Bd3 Bg4 5. Nbd2 e6 6. c3 Nbd7 7. e4 dxe4 8. Nxe4 Nxe4 9. Bxe4 Nf6 10. Bd3 Bd6 11. Bg5 h6 12. Bh4 g5 13. Bg3 Bxg3 14. hxg3 Nd5 15. Be2 Qb6 16. Qb3 Qxb3 17. axb3 Bxf3 18. Bxf3 Kd7 19. b4 a6 20. Ke2 Rae8 21. Kd3 Kd6 22. Rh5 e5 23. dxe5+ Rxe5 24. Rah1 Re6 25. Bxd5 cxd5 26. Rxg5 Rf6 27. f3 Re8 28. Rgh5 Ree6 29. g4 Ke7 30. Rxd5 Kf8 31. Rd4 Kg7 32. Re4 Rd6+ 33. Kc2 Rd7 34. Rd1 Rc7 35. Rd5 Rfc6 36. Red4 Re7 37. Kd2 Rce6 38. Kc2 Re2+ 39. Rd2 Re1 40. Rd7 Rxd7 41. Rxd7 b5 42. Rd6 Re2+ 43. Rd2 Re1 44. Kd3 Kf6 45. Kd4 Kg5 46. Kc5 Kf4 47. Kb6 Re6+ 48. Ka5 Kg3 49. Rd7 Rf6 50. Rd2 Re6 51. b3 Rc6 52. Rc2 f6 53. c4 Re6 54. cxb5 axb5 55. Kxb5 Re3 56. Rb2 Re1 57. Kb6 1-0


[Site "https://www.chess.com"]

[Event "Titled Tuesday Blitz May 2 Late 2023"]
[White "Flynn, Jacob"]
[Black "Ricaurte Lopez, Juan Carlos"]
[WhiteFideId "2509393"]
[BlackFideId "3600327"]
[WhiteElo "2053"]
[BlackElo "2200"]
[Result "1-0"]
[Round "05"]
[TimeControl "180+2"]
[Date "2023.05.02"]
[WhiteClock "0:01:50"]
[BlackClock "0:00:47"]

1. d4 d5 2. Nf3 Bg4 3. Ne5 Bh5 4. c4 dxc4 5. g4 Qd5 6. Rg1 Bg6 7. Bg2 Qd6 8. Bxb7 Qb4+ 9. Nc3 Qxb7 10. Qa4+ c6 11. Qxc4 e6 12. h4 Bb4 13. h5 Be4 14. Bd2 Bxc3 15. Qxc3 f6 16. Nc4 Qb5 17. Nd6+ 1-0


[Site "https://www.chess.com"]

[Event "Titled Tuesday Blitz May 2 Late 2023"]
[White "Bogaudinov, Rushan"]
[Black "Guz, Ari"]
[WhiteFideId "4129288"]
[BlackFideId "2825759"]
[WhiteElo "1967"]
[BlackElo "2205"]
[Result "1-0"]
[Round "05"]
[TimeControl "180+2"]
[Date "2023.05.02"]
[WhiteClock "0:00:13"]
[BlackClock "0:00:52"]

1. e4 Nf6 2. e5 Nd5 3. Nf3 d6 4. d4 Bg4 5. h3 Bh5 6. Bc4 Nb6 7. Bb3 Nc6 8. e6 d5 9. exf7+ Bxf7 10. O-O e6 11. Ng5 Bd6 12. Nxf7 Kxf7 13. Nc3 Qf6 14. Be3 Rhf8 15. a4 Na5 16. Nb5 Kg8 17. Nxd6 cxd6 18. Qd2 Nbc4 19. Bxc4 Nxc4 20. Qe2 Rac8 21. c3 Qg6 22. a5 a6 23. Bc1 Rf6 24. b3 Nxa5 25. Rxa5 Rxc3 26. Be3 Rxb3 27. Rc1 h6 28. Ra2 Rb1 29. Rc2 Rxc1+ 30. Rxc1 b5 31. Qa2 Qe4 32. Qxa6 Rg6 33. g4 Qf3 34. Rc8+ Kh7 35. Qa8 Rf6 36. Rh8+ Kg6 37. Qe8+ Rf7 38. Rf8 Qf6 39. h4 Qe7 40. h5+ Kf6 41. Rxf7+ Qxf7 42. g5+ hxg5 43. Bxg5+ 1-0


[Site "https://www.chess.com"]

[Event "Titled Tuesday Blitz May 2 Late 2023"]
[White "Cruz, William Ferreira Da"]
[Black "Kula, Robert"]
[WhiteFideId "2118050"]
[BlackFideId "1101218"]
[WhiteElo "2223"]
[BlackElo "2180"]
[Result "1/2-1/2"]
[Round "05"]
[TimeControl "180+2"]
[Date "2023.05.02"]
[WhiteClock "0:01:02"]
[BlackClock "0:01:00"]

1. d4 d5 2. c4 c6 3. Nc3 Nf6 4. Nf3 g6 5. cxd5 cxd5 6. h3 Bg7 7. Bf4 O-O 8. e3 Ne4 9. Qb3 Nxc3 10. Qxc3 Nc6 11. Be2 Bf5 12. O-O Qb6 13. Rfc1 Rac8 14. Qa3 Nb4 15. Rxc8 Rxc8 16. Rd1 Bf8 17. g4 Bc2 18. Rc1 e5 19. Nxe5 Nd3 20. Qxd3 Bxd3 21. Rxc8 Bxe2 22. Bh6 Qb4 23. Rxf8+ Qxf8 24. Bxf8 Kxf8 25. f3 f6 26. Kf2 Bb5 27. a4 fxe5 28. axb5 exd4 29. exd4 Ke7 30. f4 Kd7 31. f5 Kc7 32. fxg6 hxg6 33. h4 Kd6 34. Kf3 Ke6 35. Kf4 Kf6 36. h5 g5+ 37. Ke3 b6 38. Kf3 Kg7 1/2-1/2


[Site "https://www.chess.com"]

[Event "Titled Tuesday Blitz May 2 Late 2023"]
[White "Kujawski, Adam"]
[Black "Jaskolka, Tomasz"]
[WhiteFideId "1100920"]
[BlackFideId "1170791"]
[WhiteElo "2054"]
[BlackElo "2155"]
[Result "1-0"]
[Round "05"]
[TimeControl "180+2"]
[Date "2023.05.02"]
[WhiteClock "0:00:17"]
[BlackClock "0:00:18"]

1. e4 c5 2. Nf3 e6 3. d4 cxd4 4. Nxd4 Nc6 5. Nc3 Qc7 6. Ndb5 Qb8 7. Be3 a6 8. Nd4 Qc7 9. f4 Bb4 10. Nxc6 Qxc6 11. Qd4 Bxc3+ 12. bxc3 Nf6 13. Bd3 d5 14. e5 Nd7 15. O-O g6 16. g4 h5 17. f5 Nf8 18. fxg6 Nxg6 19. Rxf7 Kxf7 20. Rf1+ Kg7 21. Rf6 Qe8 22. Rxg6+ Qxg6 23. Bxg6 Kxg6 24. Qf4 hxg4 25. Qg5+ Kh7 26. Qh6+ Kg8 27. Qg6+ Kf8 28. Bh6+ Rxh6 29. Qxh6+ Ke7 30. Qg7+ Kd8 31. Qf8+ Kc7 32. Qd6# 1-0


[Site "https://www.chess.com"]

[Event "Titled Tuesday Blitz May 2 Late 2023"]
[White "Carrasco Miranda, Andres"]
[Black "Martic, Ivan"]
[WhiteFideId "3405990"]
[BlackFideId "929301"]
[WhiteElo "2183"]
[BlackElo "2360"]
[Result "0-1"]
[Round "05"]
[TimeControl "180+2"]
[Date "2023.05.02"]
[WhiteClock "0:00:24"]
[BlackClock "0:00:50"]

1. d4 d5 2. c4 Nc6 3. Nc3 Nf6 4. Nf3 dxc4 5. d5 Na5 6. e4 c6 7. Bg5 h6 8. Bxf6 exf6 9. Qa4 b5 10. Qc2 a6 11. Rd1 Bb4 12. a3 Bxc3+ 13. Qxc3 cxd5 14. Rxd5 Qc7 15. Be2 Bb7 16. Rd4 Nb3 17. Bxc4 bxc4 18. Rxc4 Qa5 19. Rb4 Nc5 20. O-O O-O 21. Nh4 Nxe4 22. Qh3 Ng5 23. Qg3 Bc8 24. f4 Qc5+ 25. Kh1 Ne6 26. Nf5 Qxf5 0-1


[Site "https://www.chess.com"]